Map: Tours du crépuscule

Players

spectris

  • Race: Zerg Zerg
  • League: Gold
  • Spawn Location: 1:00

zidar - Winner!

  • Race: Zerg Zerg
  • League: Gold
  • Spawn Location: 7:00

VOD

Have the link to the VOD?

Description

Time

  • Played on: June 7, 2016, 2:58 p.m.
  • Length: 8:58
Show
View Real Time Build Order
Export as new Build Order

spectris Zerg 

Build Orders: Hatch First 

Get SALT Encoding   

  12  0:01  Drone  
  13  0:13  Overlord  
  13  0:19  Drone  
  14  0:32  Drone x2  
  14  0:35  Drone  
  17  0:55  Hatchery  
  16  1:01  Extractor, Drone x2  
  17  1:17  Spawning Pool  
  16  1:31  Drone  
  16  1:32  Drone  
  18  1:33  Overlord  
  18  1:59  Hatchery  
  17  2:05  Zergling x6  
  20  2:11  Metabolic Boost  
  20  2:24  Queen  
  22  2:32  Queen  
  24  2:40  Drone x2  
  26  2:48  Drone x2  
  26  2:49  Drone  
  29  2:58  Overlord  
  29  3:05  Extractor  
  28  3:25  Queen  
  30  3:32  Baneling Nest  
  29  3:35  Zergling x8  
  29  3:36  Zergling x8  
  37  3:41  Drone  
  37  3:42  Drone  
  39  4:29  Baneling x2  
  37  4:34  Drone  
  37  4:35  Drone x4  
  42  4:38  Overlord x2  
  42  4:39  Overlord  
  42  4:50  Baneling x4  
  41  5:01  Drone  
  41  5:02  Drone x8  
  50  5:21  Roach Warren  
  49  5:27  Zergling x2  
  49  5:28  Zergling x20  
  54  5:41  Zergling x10  
  59  5:50  Drone  
  59  5:51  Drone x3  
  63  6:13  Baneling x5  
  63  6:14  Baneling  
  55  6:49  Baneling x3  
  55  6:54  Zergling x2  
  55  6:55  Zergling x20  
  55  6:58  Overlord x4  
  51  7:42  Zergling x2  
  51  7:43  Zergling x30  
  67  7:51  Baneling x3  
  65  7:52  Baneling x2  
  31  8:38  Zergling x2  
  31  8:39  Zergling x12  
Show
View Real Time Build Order
Export as new Build Order

zidar Zerg - Winner!

Build Orders: Pool First 

Get SALT Encoding   

  12  0:01  Drone  
  13  0:12  Overlord  
  13  0:17  Drone  
  14  0:30  Drone x2  
  14  0:34  Drone  
  17  0:48  Spawning Pool  
  16  0:50  Drone  
  17  1:16  Hatchery  
  16  1:19  Drone  
  16  1:22  Extractor  
  16  1:23  Drone  
  17  1:26  Drone  
  18  1:36  Queen  
  20  1:44  Overlord  
  20  1:51  Drone  
  20  1:53  Drone  
  22  2:15  Spine Crawler  
  21  2:20  Zergling x4  
  24  2:35  Queen  
  26  2:38  Metabolic Boost  
  26  2:42  Zergling x8  
  29  2:59  Baneling Nest  
  29  3:05  Drone x6  
  34  3:36  Overlord x2  
  34  3:37  Zergling x2  
  34  3:38  Zergling x2  
  36  3:55  Evolution Chamber  
  35  4:05  Pneumatized Carapace  
  35  4:07  Baneling  
  35  4:08  Baneling x2  
  35  4:09  Baneling  
  35  4:20  Drone x7  
  35  4:21  Drone x4  
  46  4:51  Baneling  
  46  4:55  Extractor  
  36  5:15  Lair  
  34  5:38  Zergling x12  
  34  5:39  Zergling x4  
  42  5:53  Hatchery  
  41  5:57  Zerg Melee Weapons Level 1  
  41  6:00  Zergling x14  
  48  6:05  Hatchery  
  47  6:12  Drone  
  48  6:22  Baneling x6  
  36  6:56  Zergling x26  
  36  6:59  Baneling x5  
  41  7:38  Zergling x2  
  41  7:39  Zergling x22  
  39  8:39  Zergling x18  
Tags
 
Add a new tag
Caveats
  • Supply blocks, unpowered buildings, or Contaminate may cause inaccurate times.
  • Supply counts are checked every 10 seconds.